 Dungeon Crawl Stone Soup version 0.29.1-14-g9c671dbff4 (webtiles) character file.

Game seed: 9756126059431959066

221 cdecastro the Chopper (level 5, -3/45 HPs)
             Began as a Hill Orc Fighter on Feb 14, 2023.
             Was an Initiate of Gozag.
             Slain by an iguana (10 damage)
             ... on level 5 of the Dungeon.
             The game lasted 00:05:13 (3376 turns).

cdecastro the Chopper (Hill Orc Fighter)            Turns: 3376, Time: 00:05:14

Health: -3/45      AC:  6    Str: 27    XL:     5   Next: 98%
Magic:  5/5        EV: 10    Int:  8    God:    Gozag
Gold:   264        SH:  0    Dex: 10    Spells: 4/4 levels left

rFire   . . .      SeeInvis .   a - +1 war axe
rCold   . . .      Faith    .   (no shield)
rNeg    . . .      Spirit   .   b - +0 scale mail
rPois   .          Reflect  .   (no helmet)
rElec   .          Harm     .   (no cloak)
rCorr   .          Rampage  .   (no gloves)
Will    .....                   (no boots)
Stlth   ..........              (no amulet)
HPRegen 0.15/turn               f - +6 ring of strength
MPRegen 0.09/turn               (no ring)

@: no status effects
A: no striking features
a: Renounce Religion, Potion Petition, Call Merchant, Bribe Branch


You were on level 5 of the Dungeon.
You worshipped Gozag.
Gozag was aware of your devotion.
You visited 1 branch of the dungeon, and saw 5 of its levels.

You collected 298 gold pieces.
You paid 34 gold pieces to Gozag.

Inventory:

Hand Weapons
 a - a +1 war axe (weapon)
Missiles
 l - 5 boomerangs (quivered)
Armour
 b - a +0 scale mail (worn)
 c - a +0 buckler
 k - a +0 pair of gloves
Jewellery
 f - a +6 ring of strength (left hand)
 j - a ring of fire
Scrolls
 e - 2 scrolls of enchant weapon
 g - a scroll of teleportation
 h - 6 scrolls of identify {unknown}
 i - a scroll of amnesia {unknown}
 s - 2 scrolls of acquirement {unknown}
Potions
 d - a potion of might
 m - 2 potions of invisibility {unknown}
 n - a potion of resistance {unknown}
 o - 2 potions of heal wounds {unknown}
 p - a potion of magic {unknown}
 q - 2 potions of curing
 r - a potion of degeneration {unknown}
 t - a potion of flight {unknown}


   Skills:
 - Level 3.6 Fighting
 + Level 7.9 Axes
 - Level 3.2 Armour
 - Level 3.2 Shields


You had 4 spell levels left.
You didn't know any spells.
Your spell library contained the following spells:

 Spells                   Type           Power      Damage    Failure   Level
 Call Canine Familiar     Summ           0%         N/A       96%         3
 Ignite Poison            Fire/Tmut/Pois 0%         N/A       96%         3
 Mephitic Cloud           Conj/Pois/Air  0%         N/A       96%         3
 Portal Projectile        Hex/Tloc       0%         N/A       96%         3
 Leda's Liquefaction      Hex/Erth       0%         N/A       100%        4
 Freezing Cloud           Conj/Ice/Air   0%         6-21      100%        5


Dungeon Overview and Level Annotations

Branches:
Dungeon (5/15)
 Temple: D:4-7

Altars:
Cheibriados
Elyvilon
Fedhas
Gozag
Hepliaklqana
Kikubaaqudgha
Sif Muna
Vehumet
Yredelemnul

Shops:
D:1 !   D:5 :

Annotations:
D:2 Sigmund


Message History

The acid dragon spits acid at you. The splash of acid hits you!
The acid dragon attacks as you move away!
The acid dragon bites you but does no damage.
The acid dragon claws you.
Found a stone staircase leading up.
Your surroundings suddenly seem different.
Found a club.
s - 2 scrolls labelled DEROHU BAREAJO (gained 1)
A worm comes into view.
The worm bites you but does no damage.
You slash the worm!
The worm is severely wounded.
The worm bites you but does no damage.
You hit the worm.
The worm is severely wounded.
You completely miss the worm.
The worm is severely wounded.
The worm bites you.
You slice the worm!!
You kill the worm!
You now have 264 gold pieces (gained 5).
An iguana comes into view.
The iguana bites you!
You slash the iguana!
The iguana is heavily wounded.
The iguana bites you but does no damage.
You hit the iguana.
The iguana is almost dead.
The iguana bites you!
* * * LOW HITPOINT WARNING * * *
You hit the iguana but do no damage.
The iguana is almost dead.
You hear the slow rusting of a very distant drain.
The iguana bites you!
* * * LOW HITPOINT WARNING * * *
You barely miss the iguana.
The iguana is almost dead.
The iguana bites you!
You die...
Your body crumbles into a pile of gold.

#.# ######.# #..)##.#
#.#....#
#...###########
##.##..........
#####.##.##.......
#.##........##.#####<
#..l@........#)# #.
#...########...# #.
#..# #######.#.# #. #..
#.......#.#####. #..
#∩.......#....... #..
##.........##.###
###..#########.### .<..
#.....########.########
#.##.............)....#


You could see an iguana.

Vanquished Creatures
  A hound (D:4)
  Natasha (thrice) (D:4)
  An iguana (D:5)
  An orc wizard (D:4)
  A worm (D:5)
  3 dart slugs
  6 orcs
  3 bats (D:1)
  4 endoplasms
  5 giant cockroaches
  9 hobgoblins
  3 kobolds (D:1)
  4 ball pythons
  A frilled lizard (D:1)
  2 goblins (D:1)
  3 rats
50 creatures vanquished.

Notes
Turn   | Place    | Note
-------+----------+-------------------------------------------
     0 | D:1      | cdecastro the Hill Orc Fighter began the quest for the Orb.
     0 | D:1      | Reached XP level 1. HP: 19/19 MP: 1/1
    50 | D:1      | Found a faded altar of an unknown god.
    56 | D:1      | Reached skill level 3 in Axes
   183 | D:1      | Found Geas's Distillery.
   188 | D:1      | Reached XP level 2. HP: 26/26 MP: 2/2
   372 | D:1      | Reached skill level 4 in Axes
   849 | D:1      | Reached XP level 3. HP: 21/31 MP: 3/3
  1002 | D:2      | Noticed Sigmund
  1171 | D:3      | Found a radiant altar of Vehumet.
  1178 | D:3      | Found an ancient bone altar of Kikubaaqudgha.
  1179 | D:3      | Found an opulent altar of Gozag.
  1181 | D:3      | Found a snail-covered altar of Cheibriados.
  1181 | D:3      | Found a shimmering blue altar of Sif Muna.
  1183 | D:3      | Found a hazy altar of Hepliaklqana.
  1188 | D:3      | Reached skill level 5 in Axes
  1189 | D:3      | Found a white marble altar of Elyvilon.
  1266 | D:3      | Became a worshipper of Gozag Ym Sagoz the Greedy
  1318 | D:3      | Found a basalt altar of Yredelemnul.
  1655 | D:3      | Identified the +0 leather armour "Zireaq" {rF+ rN++ Str-2}
  2036 | D:4      | Reached XP level 4. HP: 33/39 MP: 4/4
  2107 | D:4      | Noticed Natasha
  2116 | D:4      | HP: 1/39 [white imp[Natasha] (4)]
  2117 | D:4      | Killed Natasha
  2118 | D:4      | Reached skill level 6 in Axes
  2473 | D:4      | Noticed Natasha
  2487 | D:4      | Killed Natasha
  2488 | D:4      | Reached XP level 5. HP: 18/45 MP: 5/5
  2553 | D:4      | Noticed Natasha
  2742 | D:4      | Reached skill level 7 in Axes
  2891 | D:4      | Killed Natasha
  2999 | D:4      | Found a blossoming altar of Fedhas.
  3225 | D:5      | Entered Level 5 of the Dungeon
  3240 | D:5      | Found Guvupuapp's Tremendous Tomes.
  3332 | D:5      | Noticed an acid dragon
  3376 | D:5      | Slain by an iguana

Illustrated notes

Levels and vault maps discovered:
D:1:      heliophobic_arrival_glass_houses, layout_loops_corners,
          chequers_ecumenical_altar_simple_redux, serial_shops,
          nicolae_shop_waterfront
D:2:      layout_loops_cross, uniq_sigmund, uniq_jessica
D:3:      layout_basic, nicolae_overflow_hallway_of_the_gods,
          nicolae_overflow_crystal_walls, kennysheep_generic_room_3
D:4:      layout_basic, fedhas_ov_isle_minmay, minmay_distorted, uniq_natasha
D:5:      lemuel_ratsnest, layout_loops_ring, nicolae_ru_the_path_less_chosen,
          tgw_trog, cheibrodos_sewer_entry_sluice,
          nicolae_shop_i_like_big_books, uniq_grinder

Skill      XL: |  1  2  3  4  5 |
---------------+----------------+-----
Axes           | 3 4 5 6 7 |  7.9
Fighting       | |  3.6
Armour         | |  3.2
Shields        | |  3.2

Action                   |  1- 3 |  4- 6 || total
-------------------------+-------+-------++-------
Melee: War axe           |    62 |    52 ||   114
       Punch             |       |     1 ||     1
  Use: Scroll            |       |     2 ||     2
Armor: Scale mail        |    24 |    17 ||    41
Dodge: Dodged            |    31 |    19 ||    50
